 Dungeon Crawl Stone Soup version 0.25-a0-279-g53730b6a6f (webtiles) character file.

Game seed: 3841855347827649906, levelgen mode: deterministic

100 Henning the Skirmisher (level 4, 25/29 HPs)
             Began as a Gargoyle Fighter on Dec 10, 2019.
             Quit the game on level 2 of the Dungeon on Dec 11, 2019.
             The game lasted 00:07:11 (2217 turns).

Henning the Skirmisher (Gargoyle Fighter)           Turns: 2217, Time: 00:07:11

Health: 25/29      AC:  3    Str: 21    XL:     4   Next: 74%
Magic:  4/4        EV:  9    Int:  8    God:
Gold:   96         SH:  9    Dex:  9    Spells: 3/3 levels left

rFire    . . .     SeeInvis .   a - +0 flail
rCold    . . .     Gourm    .   c - +0 shield
rNeg     + . .     Faith    .   (no armour)
rPois    ∞         Spirit   .   (no helmet)
rElec    +         Reflect  .   (no cloak)
rCorr    .         Harm     .   (no gloves)
MR       .....                  (no boots)
Stlth    +.........             (no amulet)
HPRegen  0.09/turn              (no ring)
MPRegen  0.09/turn              (no ring)

@: no status effects
A: negative energy resistance 1, electricity resistance, unbreathing,
petrification resistance, rot immunity, AC +3
a: no special abilities


You were on level 2 of the Dungeon.
You were not hungry.

You visited 1 branch of the dungeon, and saw 2 of its levels.

You collected 96 gold pieces.

Inventory:

Hand Weapons
 a - a +0 flail (weapon)
Armour
 b - a +0 scale mail
 c - a +0 shield (worn)
 l - a +0 chain mail
Scrolls
 e - a scroll of random uselessness {unknown}
 h - 3 scrolls of enchant weapon {unknown}
 i - 2 scrolls of teleportation {unknown}
 j - 2 scrolls of identify {unknown}
 n - 2 scrolls of remove curse {unknown}
 o - a scroll of amnesia {unknown}
Potions
 d - 2 potions of might
 g - a potion of berserk rage {unknown}
 k - a potion of heal wounds {unknown}
 m - 2 potions of curing {unknown}
Comestibles
 f - 5 rations
 p - 5 chunks of flesh


   Skills:
 + Level 3.9 Fighting
 * Level 3.3 Maces & Flails
 + Level 3.9 Armour
 + Level 3.9 Shields


You had 3 spell levels left.
You didn't know any spells.
Your spell library was empty.

Dungeon Overview and Level Annotations

Branches:
Dungeon (2/15)

Altars:


Innate Abilities, Weirdness & Mutations

You are resistant to torment.
Your stone body is resilient. (AC +3)
You are immune to poison.
You resist negative energy. (rN+)
You are resistant to electric shocks. (rElec)
You can survive without breathing.
You are immune to petrification.
You are immune to rotting.


Message History

The goblin barely misses you. The goblin hits you but does no damage.
You sock the goblin!
You kill the goblin!
No target in view!
No target in view!
You butcher the bat corpse.
p - 5 chunks of flesh (gained 1)
You see here a bat skeleton. x2
d - 2 potions of might (gained 1)
Found an escape hatch in the floor.
Found an escape hatch in the ceiling.
Saving game... please wait.
Welcome back, Henning the Gargoyle Fighter.
Press ? for a list of commands and other information.
Unknown command.
Unknown command.
Okay, then.
Quiver which item? (- for none, * to show all) (? for menu, Esc to quit)
Okay, then.
Are you sure you want to abandon this character and quit the game? (Confirm with "yes".)

# #.#[..#...##.
####.##..#.# #<
.......(...####.
.........#......
.##.###.....###. #.#
..#.# #.#.#.# #. #.#
..#.# #.#.#.# #. #.#
....###.#.#.###.######.#
................@....#.#
#.#####.....####.###.#.#
#.# #####.# #.# #.#.#
#.# #.####.###.#.# #.#
#..÷......#..# ..#
#.####.###.### ### #.#
##.###.# # #.###...##.#
##.#...#....#


There were no monsters in sight!

Vanquished Creatures
  3 gnolls (D:2)
  An ooze (D:2)
  2 worms (D:2)
  A dart slug (D:1)
  3 leopard geckos (D:1)
  2 ball pythons (D:1)
  5 giant cockroaches
  7 goblins
  6 hobgoblins
  2 jackals (D:1)
  10 kobolds
  6 bats
  A frilled lizard (D:2)
  6 rats
55 creatures vanquished.

Vanquished Creatures (others)
  2 plants (D:1)
2 creatures vanquished.

Grand Total: 57 creatures vanquished

Notes
Turn   | Place    | Note
-------+----------+-------------------------------------------
     0 | D:1      | Henning the Gargoyle Fighter began the quest for the Orb.
     0 | D:1      | Reached XP level 1. HP: 14/14 MP: 1/1
   365 | D:1      | Reached XP level 2. HP: 16/19 MP: 2/2
   632 | D:1      | Reached XP level 3. HP: 17/23 MP: 3/3
  1482 | D:2      | Reached XP level 4. HP: 20/29 MP: 4/4
  2217 | D:2      | Quit the game

Levels and vault maps discovered:
D:1:      lightli_arrival_chessboard, layout_basic, corexii_corridor_pit,
          lexackson_kobold_supper
D:2:      layout_loops_ring

Skill      XL: |  1  2  3 |
---------------+----------+-----
Maces & Flails | 3 |  3.3
Fighting       | |  3.9
Armour         | |  3.9
Shields        | |  3.9

Action                   |  1- 3 |  4- 6 || total
-------------------------+-------+-------++-------
Melee: Flail             |   152 |    81 ||   233
  Eat: Chunk             |     2 |     3 ||     5
Armor: Scale mail        |    44 |       ||    44
       Skin              |    19 |    25 ||    44
Dodge: Dodged            |    59 |    26 ||    85
Block: Shield            |   100 |    54 ||   154

Table legend:
 A = Non-vault XP
 B = Vault XP
 C = Vault XP percentage of total XP
 D = Non-vault monster count
 E = Vault monster count
 F = Vault count percentage of total count
                 A         B        C        D         E       F
            +---------+---------+-------+---------+---------+-------
      Total |     131 |      13 |   9.0 |      47 |       8 |  14.5
            +---------+---------+-------+---------+---------+-------
        D:1 |      42 |      13 |  23.6 |      23 |       8 |  25.8
        D:2 |      89 |       0 |   0.0 |      24 |       0 |   0.0
            +---------+---------+-------+---------+---------+-------
